 Dungeon Crawl Stone Soup version 0.26-b1-32-g5d43845318 (webtiles) character file.

Game seed: 12747235283941273682

112 Borgoz the Cudgeller (level 4, 0/37 HPs)
             Began as a Ghoul Gladiator on Jan 12, 2021.
             Slain by Sigmund
             ... wielding a +0 scythe
              (1 damage)
             ... on level 2 of the Dungeon.
             The game lasted 00:01:38 (1881 turns).

Borgoz the Cudgeller (Ghoul Gladiator)              Turns: 1881, Time: 00:01:38

Health: 0/37       AC:  7    Str: 17    XL:     4   Next: 93%
Magic:  3/3        EV: 10    Int:  3    God:
Gold:   112        SH:  0    Dex: 11    Spells: 3/3 levels left

rFire    . . .     SeeInvis .   a - +0 flail
rCold    + . .     Faith    .   (no shield)
rNeg     + + +     Spirit   .   h - +0 scale mail
rPois    ∞         Reflect  .   c - +0 helmet
rElec    .         Harm     .   (no cloak)
rCorr    .         Rampage  .   (no gloves)
Will     .....                  (no boots)
Stlth    ..........             (no amulet)
HPRegen  0.00/turn              (no ring)
MPRegen  0.08/turn              (no ring)

@: brilliant
A: claws 1, cold resistance 1, negative energy resistance 3, inhibited
regeneration, torment resistance, unbreathing
a: no special abilities


You were on level 2 of the Dungeon.
You visited 1 branch of the dungeon, and saw 2 of its levels.

You collected 112 gold pieces.

Inventory:

Hand Weapons
 a - a +0 flail (weapon)
Missiles
 d - 3 throwing nets (quivered)
Armour
 c - a +0 helmet (worn)
 h - a +0 scale mail (worn)
Scrolls
 b - 2 scrolls of fear {unknown}
 e - 2 scrolls of identify {unknown}
 f - 4 scrolls of remove curse {unknown}
 i - 2 scrolls of enchant weapon {unknown}
 j - 2 scrolls of amnesia {unknown}
Potions
 g - a potion of lignification {unknown}
 l - 2 potions of might {unknown}


   Skills:
 + Level 2.9 Fighting
 * Level 3.4 Maces & Flails
 - Level 1.7 Throwing
 * Level 1.9 Armour
 * Level 3.4 Dodging


You had 3 spell levels left.
You didn't know any spells.
Your spell library was empty.

Dungeon Overview and Level Annotations

Branches:
Dungeon (2/15)

Altars:

Annotations:
D:2 Sigmund


Innate Abilities, Weirdness & Mutations

You thrive by killing the living.
You are immune to poison.
You have sharp fingernails.
Your flesh is cold resistant. (rC+)
You are immune to negative energy. (rN+++)
You do not regenerate when monsters are visible.
You are immune to unholy pain and torment.
You can survive without breathing.


Message History

You bump into the rock wall.
Sigmund hits you from afar with a +0 scythe.
You feel less confused. Sigmund barely misses you.
You closely miss Sigmund.
Sigmund is lightly wounded.
You closely miss Sigmund.
Sigmund is lightly wounded.
Sigmund hits you but does no damage.
You closely miss Sigmund.
Sigmund is lightly wounded.
Sigmund hits you with a +0 scythe.
You closely miss Sigmund.
Sigmund is lightly wounded.
Sigmund hits you with a +0 scythe!
* * * LOW HITPOINT WARNING * * *
It was a potion of brilliance.
You feel clever all of a sudden. Sigmund hits you with a +0 scythe.
You die...

###.# #.# #...# #.#
##########.##########.#####
.....).).................>#
##########.##########.#####
#..# #....#.###########
...# #.##.#............
#..# #.##.############.
#..# #@##.# #. # #..#
#@##.# #. #.# ..# #.##.# #.
#.## #.##.# #########. ...
#.##.# #.(....... ..#
#.##.# #.######## ..######
#.##.# #.# .......# #.##.#
#.# .......# #.# #.#


You could see Sigmund.

Vanquished Creatures
  Robin (D:2)
  4 adders (D:2)
  A dart slug (D:1)
  4 leopard geckos
  3 giant cockroaches (D:1)
  9 goblins
  10 hobgoblins
  4 jackals
  7 bats
  2 frilled lizards (D:1)
  6 kobolds
  6 rats (D:1)
57 creatures vanquished.

Notes
Turn   | Place    | Note
-------+----------+-------------------------------------------
     0 | D:1      | Borgoz the Ghoul Gladiator began the quest for the Orb.
     0 | D:1      | Reached XP level 1. HP: 17/17 MP: 0/0
    50 | D:1      | Reached XP level 2. HP: 21/24 MP: 1/1
   451 | D:1      | Reached skill level 1 in Armour
   453 | D:1      | Reached XP level 3. HP: 25/30 MP: 2/2
  1358 | D:2      | Reached XP level 4. HP: 37/37 MP: 3/3
  1652 | D:2      | Noticed Robin
  1660 | D:2      | Killed Robin
  1863 | D:2      | Noticed Sigmund
  1880 | D:2      | HP: 1/37 [Sigmund/+0 scythe (11)]
  1881 | D:2      | Slain by Sigmund

Illustrated notes

Levels and vault maps discovered:
D:1:      dpeg_arrival_another_circle, layout_loops_ring,
          chequers_serial_rivers_small_b, minmay_vboxes
D:2:      layout_basic, uniq_natasha, uniq_robin, uniq_sigmund

Skill      XL: |  1  2 |
---------------+-------+-----
Dodging        | 3 |  3.4
Maces & Flails | 3 |  3.4
Armour         | 1 |  1.9
Fighting       | |  2.9
Throwing       | |  1.7

Action                   |  1- 3 |  4- 6 || total
-------------------------+-------+-------++-------
Melee: Flail             |   137 |    67 ||   204
  Use: Potion            |       |     1 ||     1
Armor: Leather armour    |    23 |       ||    23
       Scale mail        |    42 |    53 ||    95
Dodge: Dodged            |    97 |    48 ||   145
